 Dungeon Crawl Stone Soup version 0.28.0-53-g5a82cb258f (webtiles) character file.

Game seed: 11300231584395373465

60 mcbry74 the Skirmisher (level 4, -2/41 HPs)
             Began as a Hill Orc Fighter on July 8, 2022.
             Slain by Sigmund
             ... wielding a +6 scythe of venom
              (8 damage)
             ... on level 2 of the Dungeon.
             The game lasted 00:03:21 (1620 turns).

mcbry74 the Skirmisher (Hill Orc Fighter)           Turns: 1620, Time: 00:03:21

Health: -2/41      AC:  7    Str: 18    XL:     4   Next: 6%
Magic:  4/4        EV:  9    Int: 10    God:
Gold:   35         SH:  4    Dex: 10    Spells: 3/3 levels left

rFire   . . .      SeeInvis .   a - +0 flail
rCold   . . .      Faith    .   c - +0 buckler
rNeg    . . .      Spirit   .   b - +0 scale mail
rPois   .          Reflect  .   (no helmet)
rElec   .          Harm     .   (no cloak)
rCorr   .          Rampage  .   (no gloves)
Will    .....                   (no boots)
Stlth   ..........              (no amulet)
HPRegen 0.13/turn               (no ring)
MPRegen 0.09/turn               (no ring)

@: lethally poisoned (-2 -> -15)
A: no striking features
a: no special abilities


You were on level 2 of the Dungeon.
You visited 1 branch of the dungeon, and saw 2 of its levels.

You collected 35 gold pieces.

Inventory:

Hand Weapons
 a - a +0 flail (weapon)
Missiles
 g - 63 stones (quivered)
 i - 6 poisoned darts
Armour
 b - a +0 scale mail (worn)
 c - a +0 buckler (worn)
Scrolls
 e - a scroll of fog {unknown}
 j - a scroll of amnesia {unknown}
 l - a scroll of teleportation {unknown}
 m - a scroll of enchant armour {unknown}
Potions
 d - a potion of might
 f - a potion of cancellation {unknown}
 h - a potion of resistance {unknown}
 k - 2 potions of curing {unknown}


   Skills:
 + Level 4.3 Fighting
 + Level 3.0 Maces & Flails
 + Level 3.9 Armour
 + Level 3.8 Shields


You had 3 spell levels left.
You didn't know any spells.
Your spell library contained the following spells:

 Spells                   Type           Power      Damage    Failure   Level
 Alistair's Intoxication  Tmut/Pois      0%         N/A       100%        5
 Borgnjor's Vile Clutch   Necr/Erth      0%         N/A       100%        5
 Eringya's Noxious Bog    Tmut/Pois      0%         N/A       100%        6


Dungeon Overview and Level Annotations

Branches:
Dungeon (2/15)

Altars:

Annotations:
D:2 Sigmund


Message History

You kill the worm!
You start resting.
HP restored.
You open the door.
Sigmund the Dreaded comes into view.
He is wielding a +6 scythe of venom and wearing a +1 robe of the Archmagi.
Sigmund shouts!
You hear an angry hiss.
A ball python comes into view.
There is an open door here.
Sigmund completely misses you.
You hit Sigmund.
Sigmund is moderately wounded.
Sigmund casts a spell at you.
The puff of flame hits you but does no damage.
You hit Sigmund.
Sigmund is moderately wounded.
Sigmund hits you with a +6 scythe of venom.
You are poisoned.
You closely miss Sigmund.
Sigmund is moderately wounded.
You feel very sick.
Sigmund hits you with a +6 scythe of venom.
You are more poisoned.
You hit Sigmund.
Sigmund is heavily wounded.
You feel very sick.
Sigmund hits you with a +6 scythe of venom.
You are lethally poisoned!
You hit Sigmund.
Sigmund is severely wounded.
* * * LOW HITPOINT WARNING * * *
You feel extremely sick.
You barely miss Sigmund.
Sigmund is severely wounded.
* * * LOW HITPOINT WARNING * * *
You feel very sick.
Sigmund casts a spell.
Sigmund flickers and vanishes!
Deactivating autopickup; reactivate with Ctrl-A.
Something hits you!
You die...

#.##.# # ...... ....#.
.... ...# #S. #{# #@#
##'## ##...##
##.....## ### .#
#.......## ##.##.#
#.........####...#.##
+.........'.........##
#.........###........#
##.......## #.#..###.#


You could see a ball python.

Vanquished Creatures
  An adder (D:2)
  2 worms (D:2)
  2 dart slugs (D:1)
  5 ball pythons
  An endoplasm (D:1)
  A giant cockroach (D:1)
  4 goblins (D:1)
  2 hobgoblins (D:1)
  3 jackals (D:1)
  6 kobolds
  A quokka (D:2)
  5 bats (D:1)
  3 frilled lizards
  5 rats
41 creatures vanquished.

Notes
Turn   | Place    | Note
-------+----------+-------------------------------------------
     0 | D:1      | mcbry74 the Hill Orc Fighter began the quest for the Orb.
     0 | D:1      | Reached XP level 1. HP: 19/19 MP: 1/1
   246 | D:1      | Reached XP level 2. HP: 27/27 MP: 2/2
   629 | D:1      | Reached skill level 4 in Fighting
   678 | D:1      | Reached XP level 3. HP: 33/33 MP: 3/3
  1437 | D:2      | Reached XP level 4. HP: 40/40 MP: 4/4
  1612 | D:2      | Noticed Sigmund
  1620 | D:2      | Slain by Sigmund

Illustrated notes

Levels and vault maps discovered:
D:1:      dpeg_arrival_water_fire, layout_basic
D:2:      layout_loops_corners, uniq_sigmund

Skill      XL: |  1  2  3 |
---------------+----------+-----
Fighting       | 4 |  4.3
Maces & Flails | 3 |  3.0
Armour         | |  3.9
Shields        | |  3.8

Action                   |  1- 3 |  4- 6 || total
-------------------------+-------+-------++-------
Melee: Flail             |   114 |    11 ||   125
Throw: Stone             |     5 |       ||     5
Armor: Scale mail        |    63 |     1 ||    64
Dodge: Dodged            |    54 |     2 ||    56
Block: Buckler           |    28 |       ||    28
